 Dungeon Crawl Stone Soup version 0.20.0-7-g3b7b877 (webtiles) character file.

12091 ArtsTyrian the Covert (level 11, -5/78 HPs)
             Began as an Octopode Gladiator on May 27, 2017.
             Was an Elder of Dithmenos.
             Slain by a manticore (20 damage)
             ... on level 11 of the Dungeon on May 28, 2017.
             The game lasted 02:42:28 (21148 turns).

ArtsTyrian the Covert (Octopode Gladiator)         Turns: 21148, Time: 02:42:28

Health: -5/78      AC:  5    Str: 17    XL:     11   Next: 87%
Magic:  9/17       EV: 18    Int: 10    God:    Dithmenos [****..]
Gold:   605        SH:  0    Dex: 14    Spells: 14/18 levels left

rFire    . . .     SeeInvis +   a - +0 long sword
rCold    . . .     Gourm    .   (no shield)
rNeg     . . .     Faith    .   b - +2 hat
rPois    +         Spirit   .   q - amulet of rage
rElec    .         Reflect  .   (no ring)
rCorr    .         Harm     .   (no ring)
MR       .....                  (no ring)
Stlth    ++++++++..             (no ring)
Regen    0.3/turn               (no ring)
MPRegen  0.2/turn               (no ring)
                                (no ring)
                                (no ring)

@: about to teleport, barbed spikes, wreathed by umbra
A: almost no armour, stealthy swim, amphibious, 8 rings, constrict 8, iridescent
scales 1, camouflage 1, see invisible, poison resistance, gelatinous body 1
a: Shadow Step, Renounce Religion, Evoke Berserk Rage


You were on level 11 of the Dungeon.
You worshipped Dithmenos.
Dithmenos was greatly pleased with you.
You were not hungry.

You visited 3 branches of the dungeon, and saw 13 of its levels.
You also visited: Labyrinth.

You collected 707 gold pieces.
You spent 102 gold pieces at shops.

Inventory:

Hand Weapons
 a - a +0 long sword (weapon)
 r - a +1 whip of venom
 K - a +3 dagger of electrocution
 L - a +0 hand axe of electrocution
 S - a +0 great sword
Missiles
 c - 3 throwing nets (quivered)
 e - 337 stones
Armour
 b - a +2 hat (worn)
 M - a +2 chain mail of cold resistance
 N - a +2 cloak of magic resistance
 O - a +2 ring mail of fire resistance
 P - a +2 scale mail of positive energy
Magical Staves
 z - an uncursed staff of cold
 Q - an uncursed staff of conjuration {unknown}
Jewellery
 q - an amulet of rage (around mantle)
 B - an uncursed ring of resist corrosion {unknown}
 E - a cursed amulet of inaccuracy {unknown}
 G - an uncursed amulet of guardian spirit {unknown}
 R - an uncursed ring of protection from fire {unknown}
Wands
 h - a wand of lightning (0/15)
 i - a wand of lightning (0/15)
 j - a wand of disintegration (0/24)
 o - a wand of polymorph (7/24)
 p - a wand of lightning (0/15)
 w - a wand of lightning (7/15)
 x - a wand of digging (5/24)
 y - a wand of confusion (27/48)
 C - a wand of scattershot (0/9)
 F - a wand of polymorph (11/24)
Scrolls
 k - a scroll of blinking
 n - a scroll of amnesia {unknown}
 s - a scroll of recharging
 t - 6 scrolls of remove curse
 u - 2 scrolls of fog
 A - 3 scrolls of magic mapping
 D - a scroll of holy word {unknown}
 H - a scroll of brand weapon {unknown}
 J - a scroll of enchant weapon {unknown}
Potions
 g - a potion of flight
 m - 2 potions of magic
 v - a potion of curing
Books
 l - a book of Conjurations

   Spells                             Type                      Level
   a - Magic Dart                     Conjuration                  1
   b - Searing Ray                    Conjuration                  2
   c - Dazzling Spray                 Conjuration/Hexes            3
   d - Fulminant Prism                Conjuration/Hexes            4
   e - Force Lance                    Conjuration/Translocation    4
   f - Iskenderun's Mystic Blast      Conjuration                  4
 I - the Incunabulum of the Frostbite and Attacks
   (You found it in a labyrinth)

   Spells                             Type                      Level
   a - Freeze                         Ice                          1
   b - Ensorcelled Hibernation        Hexes/Ice                    2
   c - Dazzling Spray                 Conjuration/Hexes            3
   d - Iskenderun's Mystic Blast      Conjuration                  4
   e - Sticky Flame                   Conjuration/Fire             4
   f - Ozocubu's Refrigeration        Ice                          6
Comestibles
 d - 5 bread rations


   Skills:
 * Level 8.9 Fighting
 + Level 10.0 Long Blades
 - Level 2.0 Throwing
 * Level 8.1 Dodging
 + Level 11.1 Stealth
 * Level 4.3 Spellcasting
 * Level 4.5 Conjurations
 * Level 4.4 Invocations


You had 14 spell levels left.
You knew the following spells:

 Your Spells              Type           Power        Failure   Level  Hunger
a - Searing Ray           Conj           ##....       5%          2    ##.....
b - Ensorcelled Hibernat  Hex/Ice        #.....       36%         2    ##.....


Dungeon Overview and Level Annotations

Branches:
Dungeon (11/15)            Temple (1/1) D:5            Lair (0/6) D:10
    Orc (1/2) D:11

Altars:
Ashenzari
Cheibriados
Dithmenos
Elyvilon
Fedhas
Gozag
Hepliaklqana
Kikubaaqudgha
Makhleb
Nemelex Xobeh
Okawaru
Qazlal
Ru
Sif Muna
Trog
Uskayaw
Vehumet
Xom
Yredelemnul
Zin
The Shining One
Beogh

Shops:
D:5 [   D:9 }   D:11 *

Annotations:
D:7 exclusion: ice statue
D:9 Nightblair's ghost, novice HOFi
D:10 Mandevil's ghost, novice TrHu


Innate Abilities, Weirdness & Mutations

You cannot wear most types of armour.
You are very stealthy in the water. (Stealth+)
You are amphibious.
You can wear up to eight rings at the same time.
You can use your tentacles to constrict eight enemies at once.
Your skin changes colour to match your surroundings (Stealth+).
Your rubbery body absorbs attacks. (AC +1, EV +1)
You are partially covered in iridescent scales. (AC +2)
You have supernaturally acute eyesight. (SInv)
Your system is resistant to poisons. (rPois)


Message History

You hit the manticore.
The manticore is heavily wounded.
The manticore closely misses you. The manticore misses you.
The manticore completely misses you.
You barely miss the manticore. You squeeze the manticore.
The manticore is severely wounded.
The manticore barely misses you.
You riposte.
You barely miss the manticore. You squeeze the manticore.
The manticore is severely wounded.
The manticore closely misses you. The manticore claws you!
You hit the manticore but do no damage. Your squeeze misses the manticore.
The manticore is severely wounded.
Your shadow barely misses the manticore.
The manticore bites you!!
* * * LOW HITPOINT WARNING * * *
The manticore completely misses you.
The manticore claws you but does no damage.
As you read the scroll of teleportation, it crumbles to dust.
You feel strangely unstable. The manticore bites you!!
You die...

......#...##############*
8.....#............[....*
...#############........*
..## #.#.####.* #.# #.#.#
*,* ..# #.#.# *,* ###
###.#.####.* #...H.....#*
*******###@#######
*,,...........#
*,,......######
*,,......*****
*******,,.....,,,,,*
,,,,,,*,,.....,*****
......#......,,*
.............,,*
.......#*****,**


You could see a manticore.

Vanquished Creatures
  2 two-headed ogres (D:10)
  Erica (D:10)
  A death yak (Lab)
  2 unseen horrors (Lab)
  A gargoyle (D:11)
  A minotaur zombie (Lab)
  Prince Ribbit (D:7)
  Grinder (D:3)
  A hornet (D:10)
  2 hippogriffs (D:8)
  A wraith (D:10)
  11 yaks
  5 basilisks (Lab)
  2 steam dragons
  A water moccasin (D:7)
  4 orc warriors
  A sky beast (D:8)
  2 ice beasts
  3 black bears
  3 phantoms
  A necrophage (D:10)
  5 ogres
  4 centaurs
  2 big kobolds (D:8)
  7 bullfrogs
  An earth elemental (Lab)
  3 scorpions
  6 howler monkeys
  5 crimson imps
  2 quasits
  A bullfrog zombie (D:9)
  2 gnoll shamans (D:7)
  5 hounds
  An orc priest (D:8)
  A bullfrog skeleton (D:10)
  2 jellies
  3 iguanas
  6 orc wizards
  5 worker ants
  A hound zombie (D:5)
  A worker ant zombie (D:9)
  2 howler monkey zombies (D:9)
  12 adders
  12 gnolls
  5 shadow imps
  3 dart slugs
  A worm (D:5)
  5 leopard geckos
  46 orcs
  6 giant cockroaches
  4 goblins
  12 hobgoblins
  15 jackals
  7 quokkas
  4 bats
  3 frilled lizards
  A jackal zombie (D:7)
  14 kobolds
  3 quokka skeletons
  4 rats
269 creatures vanquished.

Vanquished Creatures (others)
  A plant (Lab)
1 creature vanquished.

Grand Total: 270 creatures vanquished

Notes
Turn   | Place    | Note
-------+----------+-------------------------------------------
     0 | D:1      | ArtsTyrian the Octopode Gladiator began the quest for the Orb.
     0 | D:1      | Reached XP level 1. HP: 14/14 MP: 1/1
   234 | D:1      | Reached skill level 1 in Stealth
   245 | D:1      | Reached XP level 2. HP: 16/19 MP: 2/2
   580 | D:1      | Reached XP level 3. HP: 24/24 MP: 3/3
  1221 | D:2      | Reached XP level 4. HP: 25/30 MP: 4/4
  1684 | D:3      | Reached skill level 2 in Stealth
  1767 | D:3      | Learned a level 2 spell: Searing Ray
  1865 | D:3      | Noticed Grinder
  1925 | D:3      | You fall through a shaft for 3 floors!
  1925 | D:6      | Found a radiant altar of Vehumet.
  1927 | D:6      | Noticed a bullfrog
  1928 | D:6      | Found a snail-covered altar of Cheibriados.
  1928 | D:6      | Noticed a black bear
  2107 | D:5      | Entered Level 5 of the Dungeon
  2112 | D:5      | Reached XP level 5. HP: 36/36 MP: 5/5
  2126 | D:5      | Reached skill level 3 in Stealth
  2467 | D:5      | Found a staircase to the Ecumenical Temple.
  2535 | Temple   | Entered the Ecumenical Temple
  2712 | Temple   | Became a worshipper of Dithmenos the Shadowed
  3023 | D:4      | Reached skill level 4 in Stealth
  3023 | D:4      | Reached XP level 6. HP: 42/42 MP: 6/6
  3099 | D:3      | Found a shimmering altar of Xom.
  3099 | D:3      | Found a shimmering altar of Xom.
  3099 | D:3      | Found a shimmering altar of Xom.
  3100 | D:3      | Found a shimmering altar of Xom.
  3100 | D:3      | Found a shimmering altar of Xom.
  3100 | D:3      | Found a shimmering altar of Xom.
  3208 | D:3      | Paralysed by Grinder for 4 turns
  3213 | D:3      | Gained mutation: You are partially covered in yellow scales. (AC +2) [potion of mutation]
  3213 | D:3      | Gained mutation: You passively map a small area around you. [potion of mutation]
  3213 | D:3      | Gained mutation: You have an increased reservoir of magic. (+10% MP) [potion of mutation]
  3213 | D:3      | Gained mutation: Your mind is acute. (Int +2) [potion of mutation]
  3219 | D:3      | Paralysed by Grinder for 6 turns
  3754 | D:3      | Killed Grinder
  3754 | D:3      | Reached skill level 5 in Stealth
  3754 | D:3      | Reached XP level 7. HP: 32/46 MP: 6/8
  3974 | D:4      | You fall through a shaft for 3 floors!
  3977 | D:7      | Noticed an ice statue
  4137 | D:4      | Reached skill level 6 in Stealth
  4174 | D:4      | Reached skill level 5 in Long Blades
  4177 | D:4      | Reached * piety under Dithmenos
  4912 | D:5      | Found Gomaesia's Antique Armour Boutique.
  5126 | D:5      | Found a glowing golden altar of the Shining One.
  5126 | D:5      | Found a bloodstained altar of Trog.
  5128 | D:5      | Found a glowing silver altar of Zin.
  5592 | D:6      | Reached XP level 8. HP: 23/54 MP: 4/9
  5875 | D:6      | Reached skill level 5 in Dodging
  5932 | D:6      | Reached skill level 7 in Stealth
  6900 | D:7      | Reached skill level 8 in Stealth
  7210 | D:7      | Reached skill level 1 in Conjurations
  7261 | D:7      | Noticed Prince Ribbit
  7707 | D:7      | Reached ** piety under Dithmenos
  7707 | D:7      | Reached XP level 9. HP: 57/60 MP: 5/11
  7955 | D:7      | Reached skill level 5 in Fighting
  8245 | D:7      | Reached skill level 9 in Stealth
  8576 | D:7      | Reached skill level 1 in Spellcasting
  9156 | D:8      | Found a runed door.
  9521 | D:8      | Gained mutation: Your flesh is cold resistant. (rC+) [mutagenic meat]
  9522 | D:8      | Lost mutation: Your mind is acute. (Int +2) [mutagenic meat]
  9523 | D:8      | Gained mutation: Scrolls take you a little longer to read. [mutagenic meat]
  9670 | D:8      | Lost mutation: Scrolls take you a little longer to read. [potion of mutation]
  9670 | D:8      | Lost mutation: You passively map a small area around you. [potion of mutation]
  9670 | D:8      | Lost mutation: Your flesh is cold resistant. (rC+) [potion of mutation]
  9670 | D:8      | Lost mutation: You have an increased reservoir of magic. (+10% MP) [potion of mutation]
  9670 | D:8      | Lost mutation: You are partially covered in yellow scales. (AC +2) [potion of mutation]
  9670 | D:8      | Gained mutation: Scrolls take you a little longer to read. [potion of mutation]
  9670 | D:8      | Gained mutation: One of your tentacles bears a spike. [potion of mutation]
  9670 | D:8      | Gained mutation: You are partially covered in slimy green scales. (AC +2) [potion of mutation]
  9670 | D:8      | Gained mutation: Your spells are a little harder to cast, but a little more powerful. [potion of mutation]
  9671 | D:8      | Lost mutation: One of your tentacles bears a spike. [potion of mutation]
  9671 | D:8      | Lost mutation: Your spells are a little harder to cast, but a little more powerful. [potion of mutation]
  9671 | D:8      | Gained mutation: You are agile. (Dex +2) [potion of mutation]
  9671 | D:8      | Gained mutation: Your body sometimes deteriorates upon taking damage. [potion of mutation]
  9671 | D:8      | Gained mutation: You can translocate small distances at will. [potion of mutation]
  9758 | D:8      | Reached skill level 10 in Stealth
 10261 | D:8      | Reached *** piety under Dithmenos
 10299 | D:8      | Found a roughly hewn altar of Beogh.
 10474 | D:9      | Reached XP level 10. HP: 67/68 MP: 13/13
 10495 | D:9      | Lost mutation: You are agile. (Dex +2) [potion of mutation]
 10495 | D:9      | Lost mutation: Your body sometimes deteriorates upon taking damage. [potion of mutation]
 10495 | D:9      | Lost mutation: Scrolls take you a little longer to read. [potion of mutation]
 10495 | D:9      | Lost mutation: You can translocate small distances at will. [potion of mutation]
 10495 | D:9      | Lost mutation: You are partially covered in slimy green scales. (AC +2) [potion of mutation]
 10495 | D:9      | Gained mutation: You possess an exceptional clarity of mind. [potion of mutation]
 10495 | D:9      | Gained mutation: Your spells are a little harder to cast, but a little more powerful. [potion of mutation]
 10495 | D:9      | Gained mutation: You have a pair of small antennae on your head. [potion of mutation]
 10495 | D:9      | Gained mutation: Your mind is acute. (Int +2) [potion of mutation]
 10498 | D:9      | Lost mutation: Your mind is acute. (Int +2) [potion of mutation]
 10498 | D:9      | Lost mutation: Your spells are a little harder to cast, but a little more powerful. [potion of mutation]
 10498 | D:9      | Lost mutation: You have a pair of small antennae on your head. [potion of mutation]
 10498 | D:9      | Lost mutation: You possess an exceptional clarity of mind. [potion of mutation]
 10498 | D:9      | Gained mutation: You have supernaturally acute eyesight. (SInv) [potion of mutation]
 10498 | D:9      | Gained mutation: You are partially covered in iridescent scales. (AC +2) [potion of mutation]
 10498 | D:9      | Gained mutation: Your system is resistant to poisons. (rPois) [potion of mutation]
 10549 | D:9      | Reached skill level 1 in Invocations
 12566 | D:7      | Killed Prince Ribbit
 12892 | D:7      | HP: 3/69 [ice statue/shard of ice (26)]
 13768 | D:9      | Noticed Nightblair's ghost (novice HOFi)
 15095 | D:9      | Found Huwaton's Gadget Shop.
 15160 | D:9      | Reached **** piety under Dithmenos
 15267 | D:10     | Entered Level 10 of the Dungeon
 15350 | D:10     | Found a staircase to the Lair.
 15735 | D:10     | Noticed Erica
 15738 | D:10     | Reached XP level 11. HP: 76/76 MP: 15/15
 15751 | D:10     | Killed Erica
 15900 | D:10     | Noticed a two-headed ogre
 15924 | D:10     | Killed a two-headed ogre
 16230 | D:10     | Noticed a two-headed ogre
 16242 | D:10     | Killed a two-headed ogre
 16386 | D:10     | Noticed Mandevil's ghost (novice TrHu)
 16425 | D:11     | Found a staircase to the Orcish Mines.
 16441 | D:11     | Reached skill level 11 in Stealth
 16457 | Orc:1    | Entered Level 1 of the Orcish Mines
 16486 | D:11     | Found a labyrinth entrance.
 16515 | D:11     | Found Wailout's General Store.
 16525 | D:11     | Bought a scroll of identify for 34 gold pieces
 16525 | D:11     | Bought a scroll of fog for 34 gold pieces
 16525 | D:11     | Bought a scroll of identify for 34 gold pieces
 16534 | Lab      | Entered a labyrinth
 17640 | Lab      | Noticed a minotaur
 18163 | Lab      | Noticed an unseen horror
 18163 | Lab      | Noticed an unseen horror
 18171 | Lab      | Killed an unseen horror
 18186 | Lab      | Killed an unseen horror
 18526 | Lab      | Upgraded the game from 0.20.0-4-g10b340a to 0.20.0-7-g3b7b877
 19348 | Lab      | Noticed a death yak
 19348 | Lab      | a minotaur changed into a death yak
 19359 | Lab      | Killed a death yak
 19494 | Lab      | Identified the Incunabulum of the Frostbite and Attacks
 19705 | D:9      | Noticed a two-headed ogre
 20041 | D:10     | Noticed a two-headed ogre
 20373 | D:10     | Learned a level 2 spell: Ensorcelled Hibernation
 20792 | D:11     | Reached skill level 10 in Long Blades
 20800 | D:11     | Noticed an unseen horror
 21134 | D:11     | Noticed a manticore
 21148 | D:11     | Slain by a manticore

Skill      XL: |  1  2  3  4  5  6  7  8  9 10 11 |
---------------+----------------------------------+-----
Stealth        | 1 2 4 5 6 8 10 11 | 11.1
Dodging        | 4 5 6 7 8 |  8.1
Fighting       | 3 4 6 7 8 |  8.9
Long Blades    | 4 5 6 8 9 10 | 10.0
Conjurations   | 1 3 4 |  4.5
Spellcasting   | 2 3 4 |  4.3
Invocations    | 2 4 |  4.4
Throwing       | |  2.0

Action                   |  1- 3 |  4- 6 |  7- 9 | 10-12 || total
-------------------------+-------+-------+-------+-------++-------
Melee: Long sword        |    44 |    67 |   235 |   386 ||   732
       Constrict         |    14 |    23 |    61 |    54 ||   152
       Tentacles         |     7 |    20 |    74 |   134 ||   235
Throw: Throwing net      |       |       |     7 |       ||     7
 Cast: Searing Ray       |       |     1 |    26 |    12 ||    39
       Ensorcelled Hiber |       |       |       |     1 ||     1
 Abil: Evoke Berserk Rag |       |       |       |     3 ||     3
Evoke: Wand              |       |       |    12 |    13 ||    25
  Use: Scroll            |       |     7 |     5 |    10 ||    22
       Potion            |       |    10 |     3 |     8 ||    21
 Stab: Sleeping          |     4 |    10 |    16 |    14 ||    44
       Distracted        |     1 |     1 |     2 |     3 ||     7
  Eat: Fruit             |     2 |     3 |       |       ||     5
       Royal jelly       |     1 |       |       |     1 ||     2
       Bread ration      |       |     1 |     2 |     3 ||     6
       Meat ration       |       |       |     3 |     4 ||     7
       Chunk             |       |       |     3 |     1 ||     4
Armor: Skin              |     1 |     9 |    35 |    54 ||    99
Dodge: Dodged            |    29 |    41 |   209 |   300 ||   579
       Rpst.: Long sword |    10 |    25 |    61 |    74 ||   170
